 Dungeon Crawl Stone Soup version 0.29.1-1-gd02db6906a (webtiles) character file.

Game seed: 403523564129466406

3758 omegacringe the Basher (level 9, 0/80 HPs)
             Began as a Minotaur Berserker on Oct 6, 2022.
             Was an Elder of Trog.
             Killed by vampiric draining
             ... invoked by a vampire
              (19 damage)
             ... on level 9 of the Dungeon.
             The game lasted 00:56:10 (9660 turns).

omegacringe the Basher (Minotaur Berserker)         Turns: 9660, Time: 00:56:10

Health: 0/80       AC: 24    Str: 26    XL:     9   Next: 94%
Magic:  8/8        EV:  8    Int:  4    God:    Trog [****..]
Gold:   672        SH:  0    Dex: 10    Spells: 8/8 levels left

rFire   . . .      SeeInvis .   C - +0 dire flail (protect)
rCold   + . .      Faith    .   (shield currently unavailable)
rNeg    . . .      Spirit   .   S - +0 plate armour
rPois   .          Reflect  .   (helmet restricted)
rElec   .          Harm     .   (no cloak)
rCorr   .          Rampage  .   F - +0 pair of gloves
Will    +++..                   e - +1 pair of boots
Stlth   ..........              c - amulet of regeneration
HPRegen 2.03/turn               w - ring of protection from cold
MPRegen 0.11/turn               (no ring)

@: strong-willed, under a protective aura, regenerating
A: horns 2, retaliatory headbutt, strong-willed 1
a: Renounce Religion, Berserk, Trog's Hand, Brothers in Arms


You were on level 9 of the Dungeon.
You worshipped Trog.
Trog was greatly pleased with you.
You visited 1 branch of the dungeon, and saw 7 of its levels.
You also visited: Sewer and Ossuary.

You collected 672 gold pieces.

Inventory:

Hand Weapons
 h - a +3 vorpal glaive
 C - a +0 dire flail of protection (weapon)
Missiles
 V - 26 poisoned darts (quivered)
Armour
 e - a +1 pair of boots (worn)
 E - a +1 chain mail of cold resistance
 F - a +0 pair of gloves (worn)
 K - a +0 leather armour of cold resistance
 S - a +0 plate armour (worn)
Jewellery
 c - an amulet of regeneration (around neck)
 w - a ring of protection from cold (left hand)
 N - an amulet of regeneration
Wands
 m - a wand of digging (5)
 n - a wand of charming (6)
 H - a wand of polymorph (5)
 M - a wand of flame (12)
 O - a wand of mindburst (14)
Scrolls
 b - 2 scrolls of immolation
 g - a scroll of enchant weapon {unknown}
 i - 2 scrolls of amnesia
 l - 2 scrolls of noise
 p - a scroll of vulnerability {unknown}
 q - 2 scrolls of summoning
 r - 2 scrolls of blinking
 u - 2 scrolls of butterflies
 x - 2 scrolls of teleportation
 J - 3 scrolls of magic mapping
 T - a scroll of poison {unknown}
Potions
 f - a potion of cancellation {unknown}
 j - a potion of resistance {unknown}
 s - a potion of invisibility {unknown}
 t - a potion of brilliance
 v - a potion of experience {unknown}
 z - a potion of haste
 D - 3 potions of ambrosia
 Q - 4 potions of flight
 R - 4 potions of curing
 W - 2 potions of magic


   Skills:
 + Level 7.7 Fighting
 * Level 11.1 Maces & Flails
 - Level 3.2 Polearms
 - Level 4.0 Throwing
 + Level 9.1 Armour
 + Level 4.4 Dodging
 - Level 0.5 Stealth


You had 8 spell levels left.
You didn't know any spells.
Your spell library contained the following spells:

 Spells                   Type           Power      Damage    Failure   Level
 Shock                    Conj/Air       0%         1d3       99%         1
 Call Canine Familiar     Summ           0%         N/A       100%        3
 Gell's Gravitas          Tloc           0%         N/A       100%        3
 Lesser Beckoning         Tloc           0%         N/A       100%        3
 Portal Projectile        Hex/Tloc       0%         N/A       100%        3
 Swiftness                Air            0%         N/A       100%        3
 Teleport Other           Tloc           0%         N/A       100%        3
 Tukima's Dance           Hex            0%         N/A       100%        3
 Airstrike                Air            0%         2d(0-16)  100%        4
 Leda's Liquefaction      Hex/Erth       0%         N/A       100%        4
 Blade Hands              Tmut           0%         N/A       100%        5


Dungeon Overview and Level Annotations

Branches:
Dungeon (9/15)             Temple (0/1) D:7           Sewer (visited)
Ossuary (visited)
   Lair: D:8-11         Orc: D:9-12

Altars:
Kikubaaqudgha

Annotations:
D:7 1 runed translucent door, TheUltimateLifeform's ghost, novice HOFi
D:9 2 runed translucent doors


Innate Abilities, Weirdness & Mutations

You have a pair of horns on your head.
You reflexively headbutt those who attack you in melee.
You are strong-willed. (Will+)


Message History

You miss something. Something hits you but does no damage. Something bites you!
Something draws strength from your injuries!
You miss something. Your headbutt misses something.
You hear some strange, mumbled words.
Something tries to affect you, but you resist.
You closely miss something. You miss something.
Something hits you but does no damage. Something bites you but does no damage.
You miss something. Something hits you but does no damage.
Something bites you but does no damage.
You hit something.
Your weapon exudes an aura of protection.
You closely miss something. You headbutt something. Something hits you.
Something bites you but does no damage.
You closely miss something. Your headbutt misses something.
Something hits you but does no damage. Something bites you but does no damage.
You miss something. Something hits you but does no damage. Something bites you!
Something draws strength from your injuries!
You barely miss something. You headbutt something. You miss something.
You headbutt something. Something completely misses you. Something bites you.
Something draws strength from your injuries!
You closely miss something. Something hits you but does no damage.
Something bites you.
Something draws strength from your injuries!
You closely miss something. You headbutt something!
Something draws life force from you!
* * * LOW HITPOINT WARNING * * *
You closely miss something. Your headbutt misses something.
Something hits you but does no damage. Something bites you.
* * * LOW HITPOINT WARNING * * *
Something draws strength from your injuries!
Your skin crawls.
You feel strong-willed.
You hear some strange, mumbled words.
Something tries to affect you, but you resist.
You impale something!!
Your weapon exudes an aura of protection.
You miss something. Something draws life force from you!!
You die...

#.#############
#####.#...........#
..............>##.###.#
####........^..........
#.##.####.....######
#.##.#####....#
#.##.......8+8#
#.##.#####.#.######.#
#.##.# #.#{@+.....#
####.##.#####.#..+.....#
...).##.......#.######.#
####.##.# #.8'8# #.#
#....# ..# #....# #..
#...... ... #..####..
...# #.. ..#


There were no monsters in sight!

Vanquished Creatures
  A hydra (D:8)
  A kobold demonologist (D:9)
  A hornet (D:7)
  Prince Ribbit (D:8)
  5 yaks (D:9)
  A steam dragon (D:8)
  Menkaure (D:4)
  Edmund (D:4)
  A water moccasin (D:7)
  A black bear (D:7)
  An orc warrior (D:7)
  An ice beast (D:7)
  3 kobold brigands
  A necrophage (D:7)
  4 wights (D:8)
  A killer bee (D:4)
  2 hounds
  A gnoll bouda (D:8)
  2 iguanas
  Natasha (D:4)
  2 orc wizards
  8 mummies (Ossuary)
  3 gnolls (D:8)
  A river rat (D:3)
  5 adders
  A white imp (D:7)
  An ufetubus (D:4)
  3 worms
  3 dart slugs
  21 orcs
  3 bats
  5 endoplasms
  8 giant cockroaches
  2 gnoll zombies (Ossuary)
  5 goblins
  8 hobgoblins
  4 jackals (D:1)
  2 quokkas
  15 ball pythons
  9 frilled lizards
  A goblin zombie (D:4)
  2 hobgoblin zombies (Ossuary)
  23 kobolds
  A kobold zombie (Ossuary)
  3 orc zombies (Ossuary)
  8 rats
  A rat zombie (D:4)
179 creatures vanquished.

Vanquished Creatures (others)
  4 fungi (Sewer)
  3 plants (Sewer)
7 creatures vanquished.

Grand Total: 186 creatures vanquished

Notes
Turn   | Place    | Note
-------+----------+-------------------------------------------
     0 | D:1      | omegacringe the Minotaur Berserker began the quest for the
                  | Orb.
     0 | D:1      | Reached XP level 1. HP: 19/19 MP: 0/0
   508 | D:1      | Reached XP level 2. HP: 22/27 MP: 1/1
   668 | D:1      | Reached skill level 4 in Maces & Flails
   707 | D:1      | Found a faded altar of an unknown god.
  1616 | D:2      | Reached XP level 3. HP: 33/33 MP: 2/2
  1656 | D:2      | Found an ancient bone altar of Kikubaaqudgha.
  1898 | D:2      | Reached ** piety under Trog
  2474 | D:3      | Reached XP level 4. HP: 38/41 MP: 3/3
  2552 | D:3      | Reached skill level 5 in Maces & Flails
  2650 | D:3      | Found a glowing drain.
  2703 | D:3      | Reached XP level 5. HP: 23/47 MP: 4/4
  2985 | Sewer    | Entered a sewer
  3128 | Sewer    | Reached *** piety under Trog
  3343 | Sewer    | Reached skill level 6 in Maces & Flails
  3429 | Sewer    | Reached skill level 5 in Fighting
  3429 | Sewer    | Reached XP level 6. HP: 35/56 MP: 5/5
  3451 | Sewer    | Identified the +2 leather armour "Itexkuc" {Slay+2}
  4971 | D:4      | Found a sand-covered staircase.
  4986 | Ossuary  | Entered an ossuary
  5090 | Ossuary  | Reached skill level 1 in Throwing
  5641 | D:4      | Reached **** piety under Trog
  5700 | D:4      | Noticed Edmund
  5709 | D:4      | Killed Edmund
  5710 | D:4      | Reached skill level 7 in Maces & Flails
  5710 | D:4      | Reached XP level 7. HP: 61/61 MP: 6/6
  5953 | D:4      | Noticed Menkaure
  5963 | D:4      | Killed Menkaure
  5964 | D:4      | Reached skill level 5 in Armour
  6095 | D:4      | Noticed Natasha
  6103 | D:4      | Killed Natasha
  6626 | D:4      | You fall into a shaft and drop 3 floors!
  6952 | D:7      | Found a runed translucent door.
  6954 | D:7      | Noticed TheUltimateLifeform's ghost (novice HOFi)
  7053 | D:7      | Noticed a hornet
  7066 | D:7      | Killed a hornet
  7067 | D:7      | Reached skill level 8 in Maces & Flails
  7067 | D:7      | Reached XP level 8. HP: 8/70 MP: 7/7
  7296 | D:7      | Reached skill level 1 in Polearms
  7468 | D:7      | Found a staircase to the Ecumenical Temple.
  8387 | D:8      | Noticed Prince Ribbit
  8400 | D:8      | Killed Prince Ribbit
  8505 | D:8      | Reached XP level 9. HP: 78/78 MP: 8/8
  8911 | D:8      | Noticed an eight-headed hydra
  8920 | D:8      | Killed an eight-headed hydra
  8921 | D:8      | Reached skill level 9 in Maces & Flails
  9232 | D:9      | Gained mutation: You are resistant to electric shocks.
                  | (rElec) [potion of mutation]
  9436 | D:9      | Lost mutation: You are resistant to electric shocks.
                  | (rElec) [potion of mutation]
  9436 | D:9      | Gained mutation: Armour fits poorly on your strangely
                  | shaped body. [potion of mutation]
  9436 | D:9      | Gained mutation: You are occasionally teleported next to
                  | monsters. [potion of mutation]
  9436 | D:9      | Gained mutation: You expend magic power (3 MP) to
                  | strengthen your wands. [potion of mutation]
  9437 | D:9      | Lost mutation: You expend magic power (3 MP) to strengthen
                  | your wands. [potion of mutation]
  9437 | D:9      | Lost mutation: You are occasionally teleported next to
                  | monsters. [potion of mutation]
  9437 | D:9      | Gained mutation: You are dopey. (Int -2) [potion of
                  | mutation]
  9437 | D:9      | Gained mutation: You are partially covered in large bone
                  | plates. (SH +4) [potion of mutation]
  9438 | D:9      | Lost mutation: You are partially covered in large bone
                  | plates. (SH +4) [potion of mutation]
  9438 | D:9      | Lost mutation: You are dopey. (Int -2) [potion of mutation]
  9438 | D:9      | Lost mutation: Armour fits poorly on your strangely shaped
                  | body. [potion of mutation]
  9438 | D:9      | Gained mutation: Your spells are a little easier to cast,
                  | but a little less powerful. [potion of mutation]
  9438 | D:9      | Gained mutation: You have large cloven feet. [potion of
                  | mutation]
  9438 | D:9      | Gained mutation: Your muscles are strong. (Str +4, Int/Dex
                  | -1) [potion of mutation]
  9439 | D:9      | Lost mutation: Your muscles are strong. (Str +4, Int/Dex
                  | -1) [potion of mutation]
  9439 | D:9      | Lost mutation: You have large cloven feet. [potion of
                  | mutation]
  9439 | D:9      | Lost mutation: Your spells are a little easier to cast, but
                  | a little less powerful. [potion of mutation]
  9439 | D:9      | Gained mutation: You expend magic power (3 MP) to
                  | strengthen your wands. [potion of mutation]
  9439 | D:9      | Gained mutation: You occasionally shout uncontrollably at
                  | your foes. [potion of mutation]
  9440 | D:9      | Lost mutation: You expend magic power (3 MP) to strengthen
                  | your wands. [potion of mutation]
  9440 | D:9      | Lost mutation: You occasionally shout uncontrollably at
                  | your foes. [potion of mutation]
  9440 | D:9      | Gained mutation: You occasionally lose the ability to read
                  | scrolls when taking damage. [potion of mutation]
  9440 | D:9      | Lost mutation: You occasionally lose the ability to read
                  | scrolls when taking damage. [potion of mutation]
  9440 | D:9      | Gained mutation: You are strong-willed. (Will+) [potion of
                  | mutation]
  9462 | D:9      | Reached skill level 10 in Maces & Flails
  9506 | D:9      | Noticed a kobold demonologist
  9519 | D:9      | Noticed a rust devil
  9522 | D:9      | Noticed a red devil
  9530 | D:9      | Killed a kobold demonologist
  9531 | D:9      | Reached skill level 11 in Maces & Flails
  9595 | D:9      | Found a large runed translucent door.
  9595 | D:9      | Found a large runed translucent door.
  9660 | D:9      | Killed from afar by a vampire

Illustrated notes

Levels and vault maps discovered:
D:1:      elethiomel_arrival_infinity_welcomes_careful_drivers, layout_basic,
          hellmonk_ecumenical_altar_lost_god
D:2:      layout_basic, basic_altar
D:3:      minmay_spotlight, layout_basic, portal_sewer_entry_a
D:4:      minmay_thick_lines, layout_loops_ring, enter_ossuary_4, wad_orctagon,
          uniq_menkaure, uniq_edmund, uniq_natasha
D:7:      layout_layer_cave, minmay_temple_entry_antechambers,
          hellmonk_ghost_happy_afterlife
D:8:      layout_basic, uniq_prince_ribbit1
D:9:      layout_loops_ring, jmf_multi_god_temple2, blue_anna_alchemist

Skill      XL: |  1  2  3  4  5  6  7  8  9 |
---------------+----------------------------+-----
Fighting       | 4 5 6 7 |  7.7
Maces & Flails | 4 5 6 7 8 11 | 11.1
Armour         | 3 4 6 7 9 |  9.1
Dodging        | 3 4 |  4.4
Throwing       | 1 2 4 |  4.0
Polearms       | 3 |  3.2
Stealth        | |  0.5

Action                   |  1- 3 |  4- 6 |  7- 9 || total
-------------------------+-------+-------+-------++-------
Melee: Mace              |    70 |   122 |       ||   192
       Headbutt          |    10 |    33 |    41 ||    84
       Flail             |       |    92 |       ||    92
       Punch             |       |     2 |       ||     2
       Dire flail        |       |       |   175 ||   175
       Glaive            |       |       |    10 ||    10
Throw: Dart              |       |    31 |    52 ||    83
Invok: Berserk           |     1 |     4 |     3 ||     8
       Trog's Hand       |       |       |     2 ||     2
  Use: Potion            |     1 |    12 |    12 ||    25
       Scroll            |       |       |    14 ||    14
Armor: Ring mail         |    34 |    79 |       ||   113
       Chain mail        |       |       |    85 ||    85
       Skin              |       |       |     4 ||     4
       Plate armour      |       |       |    36 ||    36
Dodge: Dodged            |    47 |    85 |    82 ||   214
